 Dungeon Crawl Stone Soup version 0.29.0-4-gdea44cf6ec (webtiles) character file.

Game seed: 11676741529637027833

155 xian the Trooper (level 5, 0/69 HPs)
             Began as a Draconian Berserker on Aug 28, 2022.
             Was a Believer of Trog.
             Succumbed to a kobold brigand's curare-tipped dart
             ... on level 3 of the Dungeon.
             The game lasted 00:05:28 (2264 turns).

xian the Trooper (Draconian Berserker)              Turns: 2264, Time: 00:05:29

Health: 0/69       AC:  5    Str: 22    XL:     5   Next: 14%
Magic:  5/5        EV: 12    Int:  7    God:    Trog [**....]
Gold:   33         SH:  0    Dex: 10    Spells: 4/4 levels left

rFire   . . .      SeeInvis .   c - +2 dagger (venom)
rCold   . . .      Faith    .   (no shield)
rNeg    . . .      Spirit   .   (body armour unavailable)
rPois   .          Reflect  .   (helmet restricted)
rElec   .          Harm     .   (no cloak)
rCorr   .          Rampage  .   (no gloves)
Will    .....                   (no boots)
Stlth   ..........              (no amulet)
HPRegen 0.21/turn               (no ring)
MPRegen 0.09/turn               (no ring)

@: berserking, lethally poisoned (0 -> -5), slowed
A: AC +5, unfitting armour, cold-blooded
a: Renounce Religion, Berserk, Trog's Hand


You were on level 3 of the Dungeon.
You worshipped Trog.
Trog was pleased with you.
You visited 1 branch of the dungeon, and saw 3 of its levels.

You collected 33 gold pieces.

Inventory:

Hand Weapons
 a - a +0 hand axe
 c - a +2 dagger of venom (weapon)
Scrolls
 d - a scroll of butterflies {unknown}
 g - 2 scrolls of teleportation
 h - a scroll of poison
 i - a scroll of identify
 k - a scroll of noise {unknown}
 m - a scroll of immolation {unknown}
Potions
 b - 2 potions of heal wounds
 e - a potion of curing
 f - a potion of cancellation
 j - a potion of mutation {unknown}
 l - a potion of degeneration {unknown}
 n - a potion of berserk rage {unknown}
 o - a potion of invisibility {unknown}


   Skills:
 + Level 4.2 Fighting
 + Level 1.4 Short Blades
 + Level 3.9 Axes
 + Level 3.6 Dodging
 + Level 1.0 Stealth


You had 4 spell levels left.
You didn't know any spells.
Your spell library contained the following spells:

 Spells                   Type           Power      Damage    Failure   Level
 Dazzling Flash           Conj/Hex       0%         N/A       80%         3
 Ignite Poison            Fire/Tmut/Pois 0%         N/A       80%         3
 Mephitic Cloud           Conj/Pois/Air  0%         N/A       80%         3
 Iskenderun's Mystic Bla  Conj/Tloc      0%         2d3       99%         4
 Freezing Cloud           Conj/Ice/Air   0%         6-21      100%        5
 Starburst                Conj/Fire      0%         6d3       100%        6


Dungeon Overview and Level Annotations

Branches:
Dungeon (3/15)

Altars:
Lugonu

Portals:
Abyss: D:3


Innate Abilities, Weirdness & Mutations

Your plain brown scales are hard. (AC +5)
You cannot fit into any form of body armour.
You are cold-blooded and may be slowed by cold attacks.


Message History

Found a war axe and a brass ring.
You feel extremely sick.
The kobold brigand hits you with a +1 dagger of speed.
The kobold brigand hits you but does no damage.
A red film seems to cover your vision as you go berserk!
You feel yourself moving faster!
You feel mighty!
You feel very sick.
The kobold brigand hits you but does no damage.
The kobold brigand closely misses you. The kobold barely misses you.
The kobold brigand hits you with a +2 dagger of speed.
* * * LOW HITPOINT WARNING * * *
The kobold brigand hits you with a +1 dagger of speed.
* * * LOW HITPOINT WARNING * * *
You puncture the kobold brigand!
The kobold brigand looks as sick as possible!
You tail-slap the kobold brigand!
The kobold brigand is almost dead.
You feel sick.
The kobold brigand hits you with a +1 dagger of speed.
* * * LOW HITPOINT WARNING * * *
The kobold brigand barely misses you. The kobold misses you.
Unknown command.
You are too berserk!
Unknown command.
You hit the kobold brigand.
You kill the kobold brigand!
Trog accepts your kill.
* * * LOW HITPOINT WARNING * * *
You feel sick.
The kobold brigand hits you with a +2 dagger of speed.
* * * LOW HITPOINT WARNING * * *
The kobold hits you but does no damage.
The kobold brigand hits you with a +2 dagger of speed.
* * * LOW HITPOINT WARNING * * *
Your Stealth skill increases to level 1!
You have reached level 5!
You puncture the kobold!
You kill the kobold!
Trog accepts your kill.
You die...

#### ~~~# ####### ≈≈~
####.....### ≈≈ #
))))....)..######≈# ..=
..).#####.......###....)
.####≈≈≈###..)).@)...#
..~~~~≈~≈~######)K.###
...~~~~~~~~ #####
#....~~~#### ##...####
###)## ....# ....# ##..#


You could see a kobold brigand.

Vanquished Creatures
  A kobold brigand (D:3)
  2 adders
  A worm (D:2)
  2 dart slugs
  An orc (D:3)
  5 endoplasms
  4 goblins
  7 hobgoblins
  4 jackals (D:1)
  10 kobolds
  2 quokkas
  6 ball pythons
  8 bats
  4 frilled lizards
  4 rats (D:1)
61 creatures vanquished.

Vanquished Creatures (others)
  2 lurking horrors (D:3)
2 creatures vanquished.

Grand Total: 63 creatures vanquished

Notes
Turn   | Place    | Note
-------+----------+-------------------------------------------
     0 | D:1      | xian the Draconian Berserker began the quest for the Orb.
     0 | D:1      | Reached XP level 1. HP: 19/19 MP: 1/1
    90 | D:1      | Reached XP level 2. HP: 26/26 MP: 2/2
   728 | D:1      | Reached XP level 3. HP: 29/33 MP: 3/3
   739 | D:1      | Found a faded altar of an unknown god.
  1021 | D:2      | Reached ** piety under Trog
  1783 | D:3      | Found a corrupted altar of Lugonu.
  1784 | D:3      | Found a one-way gate to the infinite horrors of the Abyss.
  1810 | D:3      | Reached skill level 4 in Fighting
  1810 | D:3      | Reached XP level 4. HP: 20/40 MP: 4/4
  2189 | D:3      | Reached skill level 1 in Short Blades
  2252 | D:3      | Noticed a kobold brigand
  2253 | D:3      | Noticed a kobold brigand
  2263 | D:3      | Killed a kobold brigand
  2263 | D:3      | HP: 3/60 [kobold brigand/+2 dagger of speed (4)]
  2263 | D:3      | HP: 1/60 [kobold brigand/+2 dagger of speed (2)]
  2264 | D:3      | Reached skill level 1 in Stealth
  2264 | D:3      | Reached XP level 5. HP: 1/46 MP: 5/5
  2264 | D:3      | Succumbed to a kobold brigand's curare-tipped dart

Illustrated notes

Levels and vault maps discovered:
D:1:      minmay_arrival_wavy_path, layout_rooms,
          hellmonk_ecumenical_altar_prayer_group
D:2:      layout_rooms, kennysheep_potato
D:3:      cheibrodos_thug_alley, layout_loops_corners,
          amcnicky_altar_lugonu_corruption

Skill      XL: |  1  2  3  4 |
---------------+-------------+-----
Dodging        | 3 |  3.6
Fighting       | 4 |  4.2
Short Blades   | 1 |  1.4
Stealth        | 1 |  1.0
Axes           | |  3.9

Action                   |  1- 3 |  4- 6 || total
-------------------------+-------+-------++-------
Melee: Hand axe          |    11 |       ||    11
       Dagger            |   106 |    28 ||   134
       Tailslap          |    11 |     5 ||    16
Invok: Berserk           |     3 |     2 ||     5
  Use: Scroll            |     5 |       ||     5
Armor: Skin              |    57 |    13 ||    70
Dodge: Dodged            |   101 |    22 ||   123
